 Dungeon Crawl Stone Soup version 0.29.1-4-g47bece8355 (webtiles) character file.

Game seed: 1806574378571179861

4540 javelincjr the Thaumaturge (level 10, -7/56 HPs)
             Began as a Deep Elf Conjurer on Dec 5, 2022.
             Was a Believer of Sif Muna.
             Killed from afar by a manticore (13 damage)
             ... with a volley of spikes
             ... on level 8 of the Dungeon on Dec 6, 2022.
             The game lasted 01:27:45 (9924 turns).

javelincjr the Thaumaturge (Deep Elf Conjurer)      Turns: 9924, Time: 01:27:48

Health: -7/56      AC:  8    Str:  8    XL:     10   Next: 17%
Magic:  19/37      EV: 11    Int: 38    God:    Sif Muna [**....]
Gold:   608        SH:  0    Dex: 12    Spells: 16/34 levels left

rFire   + + .      SeeInvis .   z - +10 war axe of Subjectivity {pain, rF+}
rCold   . . .      Faith    .   (no shield)
rNeg    . . .      Spirit   .   E - +1 ring mail of the Ecumenical Temple {Drain rF+ Str+5 Stlth+}
rPois   .          Reflect  .   (no helmet)
rElec   .          Harm     .   a - +0 cloak
rCorr   .          Rampage  .   c - +0 pair of gloves
Will    +....                   (no boots)
Stlth   ++++......              (no amulet)
HPRegen 0.18/turn               o - ring of magical power
MPRegen 0.25/turn               H - +6 ring of intelligence

@: spiked, very slightly contaminated, hasted, unable to drink, very quick
A: clever 1, inability to drink after injury 1
a: Renounce Religion, Channel Magic


You were on level 8 of the Dungeon.
You worshipped Sif Muna.
Sif Muna was pleased with you.
You visited 2 branches of the dungeon, and saw 10 of its levels.
You also visited: Bailey.

You collected 608 gold pieces.

Inventory:

Hand Weapons
 b - a +2 dagger of freezing
 q - a +2 dagger of speed
 t - a +2 vorpal trident
 x - a +1 dagger of venom
 y - a +4 short sword
 z - the +10 war axe of Subjectivity (weapon) {pain, rF+}
   (You found it on level 9 of the Dungeon)

   In the hands of one skilled in necromantic magic, it inflicts extra damage on
   living creatures.
   rF:        It protects you from fire.
 D - the +5 whip of Mayhem {freeze, rC+}
   (You found it on level 6 of the Dungeon)

   It freezes those it strikes, dealing additional cold damage.
   It can also slow down cold-blooded creatures.
   rC:        It protects you from cold.
Missiles
 f - 34 stones
 p - 29 poisoned darts
 w - 12 boomerangs
 I - a curare-tipped dart
Armour
 a - a +0 cloak (worn)
 c - a +0 pair of gloves (worn)
 i - the +0 robe of Coomm {Rampage Stlth+}
   (You found it on level 3 of the Dungeon)

   Rampage:   It bestows one free step when moving towards enemies.
   Stlth:     It makes you more stealthy.
 A - a +2 crystal plate armour
 E - the +1 ring mail of the Ecumenical Temple (worn) {Drain rF+ Str+5 Stlth+}
   (You found it in a bailey)

   Str:       It affects your strength (+5).
   rF:        It protects you from fire.
   Drain:     It drains your maximum health when unequipped.
   Stlth:     It makes you more stealthy.
 F - a +1 tower shield of protection
Jewellery
 m - a ring of resist corrosion
 o - a ring of magical power (left hand)
 H - a +6 ring of intelligence (right hand)
Wands
 s - a wand of charming (7)
 B - a wand of flame (16)
Scrolls
 g - 8 scrolls of identify
 k - 2 scrolls of vulnerability {unknown}
 l - a scroll of teleportation
 r - 2 scrolls of amnesia
 K - a scroll of silence {unknown}
Potions
 d - 2 potions of invisibility {unknown}
 e - 5 potions of curing
 h - a potion of brilliance
 j - 3 potions of haste
 n - a potion of berserk rage
 u - 2 potions of flight
 v - 4 potions of heal wounds
 C - a potion of attraction
 G - a potion of lignification {unknown}
 J - a potion of might {unknown}


   Skills:
 + Level 3.4 Fighting
 + Level 3.9 Short Blades
 + Level 1.3 Maces & Flails
 + Level 1.0 Armour
 + Level 6.0 Dodging
 + Level 7.0 Stealth
 + Level 12.9 Spellcasting
 + Level 10.0 Conjurations
 + Level 0.9 Hexes
 + Level 1.7 Fire Magic
 + Level 0.1 Evocations


You had 16 spell levels left.
You knew the following spells:

 Your Spells              Type           Power      Damage    Failure   Level
a - Magic Dart            Conj           100%       1d8       1%          1
b - Searing Ray           Conj           100%       2d8       1%          2
c - Conjure Flame         Conj/Fire      62%        6-21      1%          3
d - Fulminant Prism       Conj/Hex       30%        3d16      4%          4
e - Flame Wave            Conj/Fire      62%        2d14      4%          4
f - Sticky Flame          Conj/Fire      62%        2d8       4%          4

Your spell library contained the following spells:

 Spells                   Type           Power      Damage    Failure   Level
 Static Discharge         Conj/Air       58%        3-11/arc  1%          2
 Dazzling Flash           Conj/Hex       100%       N/A       1%          3
 Stone Arrow              Conj/Erth      100%       3d13      1%          3
 Scorch                   Fire           74%        2d8       3%          2
 Iskenderun's Mystic Bla  Conj/Tloc      58%        2d12      6%          4
 Ignite Poison            Fire/Tmut/Pois 28%        N/A       11%         3
 Anguish                  Hex/Necr       14%        N/A       36%         4
 Animate Armour           Summ/Erth      48%        N/A       43%         4
 Dispel Undead            Necr           24%        3d12      43%         4
 Silence                  Hex/Air        14%        N/A       71%         5
 Agony                    Necr           24%        N/A       78%         5
 Summon Cactus Giant      Summ           12%        N/A       100%        6
 Enfeeble                 Hex            15%        N/A       100%        7
 Lehudib's Crystal Spear  Conj/Erth      29%        10d8      100%        8


Dungeon Overview and Level Annotations

Branches:
Dungeon (9/15)             Temple (1/1) D:6          Bailey (visited)
   Lair: D:8-11         Orc: D:9-12

Altars:
Ashenzari
Cheibriados
Dithmenos
Elyvilon
Fedhas
Gozag
Hepliaklqana
Kikubaaqudgha
Makhleb
Nemelex Xobeh
Okawaru
Qazlal
Ru
Sif Muna
Trog
Uskayaw
Vehumet
Wu Jian
Xom
Yredelemnul
Zin
The Shining One

Shops:
D:3 =   D:4 *


Innate Abilities, Weirdness & Mutations

Your mind is acute. (Int +4, Str/Dex -1)
You occasionally lose the ability to drink potions when taking damage.


Message History

The volley of spikes misses you.
The searing ray hits the manticore!
The manticore is moderately wounded.
The manticore flicks its tail.
The volley of spikes hits you!!
The barbed spikes become lodged in your body.
The searing ray hits the manticore!
The manticore is heavily wounded.
The searing ray hits the manticore but does no damage.
The manticore is heavily wounded.
You finish channelling your searing ray.
The manticore flicks its tail.
The volley of spikes hits you!
The barbed spikes become lodged in your body.
Casting: Searing Ray (safe; 1% risk of failure)
Confirm with . or Enter, or press ? or * to list all spells.
Aiming: Searing Ray (safe; 1% risk of failure)
Press: ? - help, Shift-Dir - straight line, f/p - manticore
Aim: a manticore (heavily wounded, 90% to hit)
The searing ray hits the manticore.
The manticore is heavily wounded. (Press . to maintain the ray.)
The manticore flicks its tail.
The volley of spikes hits you but does no damage.
The searing ray hits the manticore.
The manticore is heavily wounded.
The searing ray hits the manticore!
The manticore is severely wounded.
The manticore flicks its tail.
The volley of spikes hits you!
The barbed spikes become lodged in your body.
You feel threatened and lose the ability to drink potions!
* * * LOW HITPOINT WARNING * * *
The searing ray hits the manticore!
The manticore is almost dead.
You finish channelling your searing ray.
The manticore flicks its tail.
The volley of spikes hits you!
The barbed spikes become lodged in your body.
You die...

.# } #. #.# # #.## #. ##.#
#. ##H###
..##.#####ยง##.##
..##....@##...##
#..###'###..#..###+##
#.........##..........#
#..###....>............ #
#..###.####...#######.#
#.##......# #.........##.#
#........#####...####.##.#
####.#.#........## #.##.#
#.....######## #.##.##


You could see a manticore.

Vanquished Creatures
  A troll (D:9)
  Grinder (D:4)
  Prince Ribbit (D:9)
  A wyvern (D:9)
  An acid dragon (D:8)
  A sky beast (D:8)
  Pargi (D:3)
  5 orc warriors (Bailey)
  An ice beast (D:7)
  A centaur (D:6)
  3 ogres
  4 kobold brigands
  2 phantoms
  2 necrophages
  2 gnoll sergeants (D:7)
  4 scorpions
  11 wights
  3 killer bees (D:8)
  5 howler monkeys
  An electric eel (D:7)
  2 orc priests
  A jelly (D:5)
  2 hounds
  A gnoll bouda (D:6)
  2 iguanas (D:4)
  6 orc wizards
  7 adders
  16 gnolls
  A shadow imp (D:6)
  An ufetubus (D:5)
  A worm (D:3)
  A dart slug (D:2)
  39 orcs
  9 ball pythons
  3 bats
  2 endoplasms (D:1)
  3 giant cockroaches
  9 goblins
  8 hobgoblins
  5 quokkas
  A frilled lizard (D:1)
  18 kobolds
  8 rats
197 creatures vanquished.

Vanquished Creatures (collateral kills)
  A kobold (D:7)
1 creature vanquished.

Vanquished Creatures (others)
  11 fulminant prisms
  9 plants
20 creatures vanquished.

Grand Total: 218 creatures vanquished

Notes
Turn   | Place    | Note
-------+----------+-------------------------------------------
     0 | D:1      | javelincjr the Deep Elf Conjurer began the quest for the
                  | Orb.
     0 | D:1      | Reached XP level 1. HP: 10/10 MP: 6/6
   272 | D:1      | Reached XP level 2. HP: 15/15 MP: 6/8
   503 | D:1      | Learned a level 2 spell: Searing Ray
   631 | D:1      | Reached XP level 3. HP: 19/19 MP: 2/9
  1411 | D:2      | Reached skill level 5 in Dodging
  1411 | D:2      | Reached skill level 8 in Spellcasting
  1411 | D:2      | Reached XP level 4. HP: 28/28 MP: 10/16
  1413 | D:2      | Gained mutation: You have large cloven feet. [potion of
                  | mutation]
  1413 | D:2      | Gained mutation: Your mind is acute. (Int +4, Str/Dex -1)
                  | [potion of mutation]
  1413 | D:2      | Gained mutation: You have a pair of small horns on your
                  | head. [potion of mutation]
  1769 | D:3      | Found Pereah's Jewellery Shoppe.
  1769 | D:3      | Identified the +0 robe of Coomm {Rampage Stlth+}
  2431 | D:4      | Reached XP level 5. HP: 32/32 MP: 11/17
  2966 | D:3      | Reached XP level 6. HP: 24/37 MP: 6/19
  3532 | D:3      | Found a white marble altar of Elyvilon.
  3537 | D:3      | Noticed Pargi
  3543 | D:3      | Killed Pargi
  3918 | D:5      | Entered Level 5 of the Dungeon
  4001 | D:4      | Learned a level 3 spell: Conjure Flame
  4045 | D:4      | Found Tailej's Assorted Antiques.
  4055 | D:4      | Reached XP level 7. HP: 41/41 MP: 17/21
  4333 | D:4      | Noticed Grinder
  4345 | D:4      | Killed Grinder
  4346 | D:4      | Reached skill level 9 in Spellcasting
  4820 | D:5      | Reached XP level 8. HP: 46/46 MP: 23/23
  5407 | D:6      | Found a staircase to the Ecumenical Temple.
  5415 | D:6      | Identified the +5 whip of Mayhem {freeze, rC+}
  5430 | Temple   | Entered the Ecumenical Temple
  5430 | Temple   | Found a transporter.
  5430 | Temple   | Found a transporter.
  5432 | Temple   | Found a transporter.
  5432 | Temple   | Found a transporter.
  5456 | Temple   | Became a worshipper of Sif Muna the Loreminder
  5475 | Temple   | Lost mutation: You have large cloven feet. [potion of
                  | mutation]
  5475 | Temple   | Lost mutation: Your mind is acute. (Int +4, Str/Dex -1)
                  | [potion of mutation]
  5475 | Temple   | Lost mutation: You have a pair of small horns on your head.
                  | [potion of mutation]
  5475 | Temple   | Gained mutation: You occasionally lose the ability to drink
                  | potions when taking damage. [potion of mutation]
  5475 | Temple   | Gained mutation: Your mind is acute. (Int +4, Str/Dex -1)
                  | [potion of mutation]
  5528 | D:6      | Reached skill level 10 in Spellcasting
  5784 | D:6      | Reached skill level 1 in Maces & Flails
  6689 | D:7      | Reached XP level 9. HP: 27/51 MP: 25/25
  6844 | D:9      | Noticed Prince Ribbit
  6859 | D:9      | Killed Prince Ribbit
  6872 | D:9      | Identified the +10 war axe of Subjectivity {pain, rF+}
  6917 | D:9      | Reached skill level 11 in Spellcasting
  7049 | D:9      | Noticed a troll
  7129 | D:9      | Found a flagged portal.
  7138 | Bailey   | Entered a bailey
  7163 | Bailey   | Reached * piety under Sif Muna
  7371 | Bailey   | Learned a level 4 spell: Fulminant Prism
  7376 | Bailey   | Learned a level 4 spell: Flame Wave
  7381 | Bailey   | Learned a level 4 spell: Sticky Flame
  7746 | Bailey   | Reached skill level 1 in Fire Magic
  7921 | Bailey   | Identified the +1 ring mail of the Ecumenical Temple {Drain
                  | rF+ Str+5 Stlth+}
  8051 | D:9      | Killed a troll
  8304 | D:7      | Reached ** piety under Sif Muna
  8366 | D:7      | Reached skill level 12 in Spellcasting
  8628 | D:7      | Reached XP level 10. HP: 47/56 MP: 28/28
  8953 | D:7      | Identified the +2 ring mail of Sigil {Harm rPois SInv}
  9076 | D:7      | Reached skill level 1 in Armour
  9453 | D:7      | Found a radiant altar of Vehumet.
  9655 | D:8      | Found a sparkling altar of Nemelex Xobeh.
  9715 | D:8      | Reached skill level 10 in Conjurations
  9910 | D:8      | Noticed a manticore
  9924 | D:8      | Killed from afar by a manticore

Illustrated notes

Levels and vault maps discovered:
D:1:      scummos_arrival_star, layout_basic, serial_forest,
          infiniplex_forest_clump_medium, infiniplex_forest_clump_cross,
          infiniplex_forest_end_3, infiniplex_forest_zigzag_1,
          infiniplex_forest_straight_4, infiniplex_forest_3_way,
          minmay_pentomino_w4
D:2:      layout_basic
D:3:      layout_basic, mainiacjoe_overflow_cross_hatched, serial_shops,
          nicolae_shop_stone, serial_bayou_lagoon_b, uniq_pargi
D:4:      layout_cave_pools, serial_shops, shop, uniq_grinder
D:5:      layout_rooms
D:6:      layout_loops_cross, minmay_temple_entry_trees
D:7:      layout_gridville, mainiacjoe_overflow_alcove_2, fountainhead
D:8:      minmay_the_grid_octo_2x2 [minmay_the_grid_octo_toaster,
          minmay_the_grid_octo_clover, minmay_the_grid_octo_77,
          minmay_the_grid_octo_prize_single_spiral], layout_loops_ring,
          mainiacjoe_overflow_surrounded_room, uniq_maurice
D:9:      layout_loops_cross, enter_bailey_5, serial_co_window_serial,
          co_window_paths_b, co_window_of_opportunity_a, co_window_paths_b,
          co_window_corner_a, co_window_corner_a, co_window_paths_b,
          co_window_corner_b, co_window_2corner, co_window_unsneaky_path_d,
          co_window_of_opportunity_b, co_window_corner_b, co_window_2corner,
          glass_columns_c, glass_columns_a, glass_columns_a, glass_columns_a,
          glass_columns_b, uniq_prince_ribbit1
Temple:   hellmonk_temple_divided_pantheon

Skill      XL: |  1  2  3  4  5  6  7  8  9 10 |
---------------+-------------------------------+-----
Stealth        | 3 6 7 |  7.0
Fighting       | 3 |  3.4
Short Blades   | 3 |  3.9
Dodging        | 5 6 |  6.0
Spellcasting   | 8 9 10 12 | 12.9
Conjurations   | 6 7 8 9 10 | 10.0
Maces & Flails | 1 |  1.3
Fire Magic     | 1 |  1.7
Armour         | 1 |  1.0
Hexes          | |  0.9
Evocations     | |  0.1

Action                   |  1- 3 |  4- 6 |  7- 9 | 10-12 || total
-------------------------+-------+-------+-------+-------++-------
Melee: Short sword       |    66 |       |       |       ||    66
       Punch             |     1 |     2 |       |       ||     3
       Dagger            |       |     1 |       |       ||     1
       Whip              |       |    15 |     6 |       ||    21
       Kick              |       |     6 |       |       ||     6
       Headbutt          |       |     3 |       |       ||     3
       War axe           |       |       |     5 |     4 ||     9
 Cast: Magic Dart        |    41 |    86 |   113 |     9 ||   249
       Searing Ray       |       |    13 |    76 |     7 ||    96
       Conjure Flame     |       |       |    16 |     2 ||    18
       Fulminant Prism   |       |       |     7 |     4 ||    11
       Sticky Flame      |       |       |     2 |     1 ||     3
       Flame Wave        |       |       |     1 |     1 ||     2
Evoke: Wand              |       |       |     2 |       ||     2
  Use: Scroll            |     4 |       |    11 |       ||    15
       Potion            |     1 |     3 |     3 |     1 ||     8
 Stab: Sleeping          |     1 |     1 |       |     1 ||     3
Armor: Robe              |     7 |     3 |     2 |       ||    12
       Ring mail         |       |       |     3 |     7 ||    10
Dodge: Dodged            |    31 |    19 |    44 |    13 ||   107
